TOP OF THE 1ST |
San Diego Padres batting - Pitching for San Francisco Giants : RHP Dan Neumeier
|
Pitching: RHP Dan Neumeier
|
|
Batting: RHB Bob Dernier
|
0-0: Foul Ball, location: 2F 0-1: Ground out U3 (Groundball, 34, EV 82.5 MPH)
|
Batting: LHB Jerry McDonald
|
0-0: Ball 1-0: Swinging Strike 1-1: Ball 2-1: Fly out, F9 (Flyball, 89XD, EV 103.8 MPH)
|
Batting: RHB Dennis Dungy
|
0-0: Ball 1-0: Called Strike 1-1: Ball 2-1: Ball 3-1: Base on Balls
|
Batting: RHB Dave Edler
|
0-0: Ball 1-0: Called Strike 1-1: Called Strike 1-2: SINGLE (Groundball, 34D, EV 94.4 MPH) Dennis Dungy to second Runner from 2nd tries for 3rd, SAFE, no throw by RF
|
Batting: LHB Darrell Porter
|
0-0: Called Strike 0-1: Ball 1-1: Ball 2-1: Foul Ball, location: 2F 2-2: Ball 3-2: Fly out, F7 (Flyball, 7D, EV 100.6 MPH)
|
Top of the 1st over - 0 runs, 1 hit, 0 errors, 2 left on base; San Diego 0 - San Francisco 0 |
BOTTOM OF THE 1ST |
San Francisco Giants batting - Pitching for San Diego Padres : RHP Raymond Prince
|
Pitching: RHP Raymond Prince
|
|
Batting: SHB Larry Reynolds
|
0-0: Swinging Strike 0-1: Ball 1-1: Ball 2-1: Bunted foul 2-2: Foul Ball, location: 2F 2-2: Ball 3-2: Fly out, F9 (Flyball, 9, EV 71.3 MPH)
|
Batting: LHB Kevin Christensen
|
0-0: Ball 1-0: Foul Ball, location: 2F 1-1: Foul Ball, location: 2F 1-2: SINGLE (Line Drive, 56, EV 93.8 MPH)
|
Batting: LHB Keith Hernandez
|
0-0: Ball 1-0: Ball 2-0: Ball 3-0: Base on Balls Kevin Christensen to second
|
Batting: SHB Tyler O'Dell
|
0-0: Called Strike 0-1: Called Strike 0-2: Foul Ball, location: 2F 0-2: SINGLE (Groundball, 4MS, EV 71.3 MPH) (infield hit) Kevin Christensen to third Keith Hernandez to second
|
Batting: RHB Dickie Thon
|
0-0: Swinging Strike 0-1: SINGLE (Line Drive, 8RS, EV 96.3 MPH) Kevin Christensen scores Keith Hernandez to third Tyler O'Dell to second Runner from 3rd tries for Home, SAFE, throw by CF to home
|
Batting: LHB Doug Frobel
|
0-0: Foul Ball, location: 2F 0-1: Ball 1-1: Ball 2-1: DOUBLE (Flyball, 7LD, EV 100.0 MPH) Tyler O'Dell scores Dickie Thon to third Runner from 3rd tries for Home, SAFE, throw by LF to home
|
Batting: LHB James Durrman
|
0-0: Called Strike 0-1: Ball 1-1: Ball 2-1: Foul Ball, location: 2F 2-2: Fly out, F7 (Flyball, 7D, EV 100.6 MPH) Runner from 2nd tags up, SAFE at 3rd, no throw by LF
|
Batting: SHB Larry Milbourne
|
0-0: Called Strike 0-1: Foul Ball, location: 2F 0-2: Ball 1-2: Fly out, F8 (Flyball, 8RD, EV 91.9 MPH)
|
Bottom of the 1st over - 4 runs, 4 hits, 0 errors, 1 left on base; San Diego 0 - San Francisco 4 |
TOP OF THE 2ND |
San Diego Padres batting - Pitching for San Francisco Giants : RHP Dan Neumeier
|
Batting: RHB Mike Calise
|
0-0: Fly out, F7 (Flyball, 78M, EV 73.8 MPH)
|
Batting: LHB Jeffrey Zitek
|
0-0: Ball 1-0: Ball 2-0: Called Strike 2-1: Ball 3-1: Foul Ball, location: 2F 3-2: Strikes out swinging
|
Batting: RHB Kelvin Moore
|
0-0: Ball 1-0: Ball 2-0: Foul Ball, location: 2F 2-1: Foul Ball, location: 2F 2-2: Fly out, F8 (Flyball, 8LD, EV 106.9 MPH)
|
Top of the 2nd over - 0 runs, 0 hits, 0 errors, 0 left on base; San Diego 0 - San Francisco 4 |
BOTTOM OF THE 2ND |
San Francisco Giants batting - Pitching for San Diego Padres : RHP Raymond Prince
|
Batting: RHB Dan Neumeier
|
0-0: Foul Ball, location: 2F 0-1: Ball 1-1: Foul Ball, location: 2F 1-2: Strikes out swinging
|
Batting: SHB Larry Reynolds
|
0-0: Called Strike 0-1: Reached on error, E1 (Groundball, 34S, EV 70.0 MPH)
|
Batting: LHB Kevin Christensen
|
0-0: Called Strike 0-1: Swinging Strike 0-2: Fielders Choice at 2nd, 4-6 (Groundball, 4, EV 76.3 MPH)
|
Batting: LHB Keith Hernandez
|
0-0: Ball Kevin Christensen is caught stealing 2nd base 2-6
|
Bottom of the 2nd over - 0 runs, 0 hits, 1 error, 0 left on base; San Diego 0 - San Francisco 4 |
TOP OF THE 3RD |
San Diego Padres batting - Pitching for San Francisco Giants : RHP Dan Neumeier
|
Batting: RHB Raymond Prince
|
0-0: Ball 1-0: Foul Ball, location: 2F 1-1: Foul Ball, location: 2F 1-2: Ball 2-2: Ball 3-2: Foul Ball, location: 2F 3-2: Strikes out swinging
|
Batting: RHB Bob Dernier
|
0-0: Ball 1-0: Foul Ball, location: 2F 1-1: Ball 2-1: Swinging Strike 2-2: Ball 3-2: Base on Balls
|
Batting: LHB Jerry McDonald
|
0-0: Called Strike 0-1: Ball 1-1: Fielders Choice at 2nd, 4-6 (Groundball, 4, EV 90.0 MPH)
|
Batting: RHB Dennis Dungy
|
0-0: Ball 1-0: Ball 2-0: Foul Ball, location: 2F 2-1: Foul Ball, location: 2F 2-2: Strikes out swinging
|
Top of the 3rd over - 0 runs, 0 hits, 0 errors, 1 left on base; San Diego 0 - San Francisco 4 |
BOTTOM OF THE 3RD |
San Francisco Giants batting - Pitching for San Diego Padres : RHP Raymond Prince
|
Batting: LHB Keith Hernandez
|
0-0: Ball 1-0: Ball 2-0: Ball 3-0: Called Strike 3-1: Base on Balls
|
Batting: SHB Tyler O'Dell
|
0-0: Ball 1-0: Ball Keith Hernandez steals 2nd base 2-0: Foul Ball, location: 2F 2-1: Ball 3-1: Fly out, F9 (Line Drive, 9, EV 90.6 MPH)
|
Batting: RHB Dickie Thon
|
0-0: Ball 1-0: Called Strike 1-1: Ground out 4-3 (Groundball, 4S, EV 88.1 MPH) Keith Hernandez to third
|
Batting: LHB Doug Frobel
|
0-0: Fly out, F8 (Line Drive, 8RD, EV 94.4 MPH)
|
Bottom of the 3rd over - 0 runs, 0 hits, 0 errors, 1 left on base; San Diego 0 - San Francisco 4 |
TOP OF THE 4TH |
San Diego Padres batting - Pitching for San Francisco Giants : RHP Dan Neumeier
|
Batting: RHB Dave Edler
|
0-0: Ball 1-0: Ball 2-0: Swinging Strike 2-1: Called Strike 2-2: Ball 3-2: Foul Ball, location: 2F 3-2: Foul Ball, location: 2F 3-2: Strikes out looking
|
Batting: LHB Darrell Porter
|
0-0: Fly out, F8 (Line Drive, 8RD, EV 95.0 MPH)
|
Batting: RHB Mike Calise
|
0-0: Swinging Strike 0-1: Ball 1-1: Foul Ball, location: 2F 1-2: Ball 2-2: SINGLE (Groundball, 34D, EV 98.8 MPH)
|
Batting: LHB Jeffrey Zitek
|
0-0: Called Strike 0-1: Ball 1-1: Ball 2-1: Ball 3-1: Fly out, F9 (Flyball, 89D, EV 85.0 MPH)
|
Top of the 4th over - 0 runs, 1 hit, 0 errors, 1 left on base; San Diego 0 - San Francisco 4 |
BOTTOM OF THE 4TH |
San Francisco Giants batting - Pitching for San Diego Padres : RHP Raymond Prince
|
Batting: LHB James Durrman
|
0-0: Ball 1-0: Ground out U3 (Groundball, 3, EV 100.0 MPH)
|
Batting: SHB Larry Milbourne
|
0-0: Called Strike 0-1: Ball 1-1: Foul Ball, location: 2F 1-2: SINGLE (Line Drive, 34D, EV 101.9 MPH)
|
Batting: RHB Dan Neumeier
|
0-0: Sac Bunt to 23 - play at first, batter OUT! 3-4 Larry Milbourne to second
|
Batting: SHB Larry Reynolds
|
0-0: Swinging Strike 0-1: Called Strike 0-2: Ball 1-2: Foul Ball, location: 2F 1-2: Ball 2-2: Foul Ball, location: 2F 2-2: Ball 3-2: Strikes out swinging
|
Bottom of the 4th over - 0 runs, 1 hit, 0 errors, 1 left on base; San Diego 0 - San Francisco 4 |
TOP OF THE 5TH |
San Diego Padres batting - Pitching for San Francisco Giants : RHP Dan Neumeier
|
Batting: RHB Kelvin Moore
|
0-0: Ball 1-0: Called Strike 1-1: Called Strike 1-2: Ball 2-2: Ball 3-2: Ground out 6-3 (Groundball, 6, EV 109.4 MPH)
|
Batting: RHB Raymond Prince
|
0-0: Ball 1-0: Called Strike 1-1: Ball 2-1: Swinging Strike 2-2: Strikes out swinging
|
Batting: RHB Bob Dernier
|
0-0: Ball 1-0: Called Strike 1-1: Fly out, F9 (Line Drive, 9D, EV 106.3 MPH)
|
Top of the 5th over - 0 runs, 0 hits, 0 errors, 0 left on base; San Diego 0 - San Francisco 4 |
BOTTOM OF THE 5TH |
San Francisco Giants batting - Pitching for San Diego Padres : RHP Raymond Prince
|
Batting: LHB Kevin Christensen
|
0-0: Foul Ball, location: 2F 0-1: Ball 1-1: Ball 2-1: Swinging Strike 2-2: Ball 3-2: Ground out 6-3 (Groundball, 6, EV 82.5 MPH)
|
Batting: LHB Keith Hernandez
|
0-0: Called Strike 0-1: Ball 1-1: Swinging Strike 1-2: Fly out, F9 (Flyball, 9, EV 88.8 MPH)
|
Batting: SHB Tyler O'Dell
|
0-0: Fly out, F2 (Popup, 2LF, EV 94.4 MPH)
|
Bottom of the 5th over - 0 runs, 0 hits, 0 errors, 0 left on base; San Diego 0 - San Francisco 4 |
TOP OF THE 6TH |
San Diego Padres batting - Pitching for San Francisco Giants : RHP Dan Neumeier
|
Batting: LHB Jerry McDonald
|
0-0: Foul Ball, location: 2F 0-1: Foul Ball, location: 2F 0-2: Ball 1-2: Strikes out looking
|
Batting: RHB Dennis Dungy
|
0-0: Ball 1-0: Foul Ball, location: 2F 1-1: SINGLE (Line Drive, 9S, EV 90.0 MPH)
|
Batting: RHB Dave Edler
|
0-0: Foul Ball, location: 2F Pickoff Throw to First - Out! 1-3 0-1: Ball 1-1: Ball 2-1: Foul Ball, location: 2F 2-2: Strikes out swinging
|
Top of the 6th over - 0 runs, 1 hit, 0 errors, 0 left on base; San Diego 0 - San Francisco 4 |
BOTTOM OF THE 6TH |
San Francisco Giants batting - Pitching for San Diego Padres : RHP Raymond Prince
|
Batting: RHB Dickie Thon
|
0-0: Ball 1-0: Ball 2-0: Ball 3-0: Base on Balls
|
Batting: LHB Doug Frobel
|
0-0: Ball 1-0: Swinging Strike 1-1: Called Strike 1-2: Strikes out swinging
|
Batting: LHB James Durrman
|
0-0: Called Strike 0-1: Ball 1-1: Called Strike 1-2: Grounds into double play, 4-6-3 (Groundball, 34, EV 93.8 MPH)
|
Bottom of the 6th over - 0 runs, 0 hits, 0 errors, 0 left on base; San Diego 0 - San Francisco 4 |
TOP OF THE 7TH |
San Diego Padres batting - Pitching for San Francisco Giants : RHP Dan Neumeier
|
Batting: LHB Darrell Porter
|
0-0: Called Strike 0-1: Foul Ball, location: 2F 0-2: Ball 1-2: Ball 2-2: Fly out, F9 (Flyball, 9LS, EV 87.5 MPH)
|
Batting: RHB Mike Calise
|
0-0: Called Strike 0-1: Called Strike 0-2: Ball 1-2: Ball 2-2: Ground out 6-3 (Groundball, 6, EV 90.6 MPH)
|
Batting: LHB Jeffrey Zitek
|
0-0: Foul Ball, location: 2F 0-1: Fly out, F8 (Flyball, 8LS, EV 88.1 MPH)
|
Top of the 7th over - 0 runs, 0 hits, 0 errors, 0 left on base; San Diego 0 - San Francisco 4 |
BOTTOM OF THE 7TH |
San Francisco Giants batting - Pitching for San Diego Padres : RHP Raymond Prince
|
Batting: SHB Larry Milbourne
|
0-0: Ball 1-0: Foul Ball, location: 2F 1-1: Foul Ball, location: 2F 1-2: Foul Ball, location: 2F 1-2: Foul Ball, location: 2F 1-2: SINGLE (Line Drive, 7S, EV 98.8 MPH)
|
Batting: RHB Dan Neumeier
|
0-0: Ball Larry Milbourne is caught stealing 2nd base 2-4 1-0: Ball 2-0: Ball 3-0: Called Strike 3-1: Swinging Strike 3-2: Strikes out swinging
|
Batting: SHB Larry Reynolds
|
0-0: Foul Ball, location: 2F 0-1: Swinging Strike 0-2: Ground out 4-3 (Groundball, 4MS, EV 85.6 MPH)
|
Bottom of the 7th over - 0 runs, 1 hit, 0 errors, 0 left on base; San Diego 0 - San Francisco 4 |
TOP OF THE 8TH |
San Diego Padres batting - Pitching for San Francisco Giants : RHP Dan Neumeier
|
Pitching: RHP Dan O'Brien
|
|
Batting: RHB Kelvin Moore
|
0-0: Ball 1-0: Swinging Strike 1-1: Foul Ball, location: 2F 1-2: Strikes out swinging
|
Batting: RHB Raymond Prince
|
0-0: Called Strike 0-1: Fly out, F8 (Flyball, 89M, EV 81.9 MPH)
|
Batting: RHB Bob Dernier
|
0-0: SINGLE (Line Drive, 9LM, EV 98.8 MPH)
|
Batting: LHB Jerry McDonald
|
0-0: Ball 1-0: Ball 2-0: Called Strike 2-1: Ball 3-1: Foul Ball, location: 2F 3-2: Fly out, F6 (Popup, 6M, EV 54.4 MPH)
|
Top of the 8th over - 0 runs, 1 hit, 0 errors, 1 left on base; San Diego 0 - San Francisco 4 |
BOTTOM OF THE 8TH |
San Francisco Giants batting - Pitching for San Diego Padres : RHP Raymond Prince
|
Batting: LHB Kevin Christensen
|
0-0: Called Strike 0-1: Ball 1-1: Fly out, F6 (Flyball, 6MD, EV 90.0 MPH)
|
Batting: LHB Keith Hernandez
|
0-0: Ball 1-0: Ball 2-0: Foul Ball, location: 2F 2-1: Ground out 4-3 (Groundball, 4S, EV 62.5 MPH)
|
Batting: SHB Tyler O'Dell
|
0-0: Ball 1-0: Called Strike 1-1: Foul Ball, location: 2F 1-2: SINGLE (Groundball, 5S, EV 70.0 MPH) (infield hit)
|
Batting: RHB Dickie Thon
|
0-0: Called Strike 0-1: Ball 1-1: SINGLE (Flyball, 9S, EV 88.1 MPH) Tyler O'Dell to second Runner from 2nd tries for 3rd, SAFE, throw by RF made to third
|
Batting: LHB Doug Frobel
|
0-0: Ball 1-0: Foul Ball, location: 2F 1-1: SINGLE (Line Drive, 34D, EV 109.4 MPH) Tyler O'Dell scores Dickie Thon to second Runner from 2nd tries for 3rd, SAFE, no throw by RF
|
Pitching: RHP Luis Gutierrez
|
|
Batting: LHB James Durrman
|
0-0: Ground out 5-3 (Groundball, 56S, EV 72.5 MPH)
|
Bottom of the 8th over - 1 run, 3 hits, 0 errors, 2 left on base; San Diego 0 - San Francisco 5 |
TOP OF THE 9TH |
San Diego Padres batting - Pitching for San Francisco Giants : RHP Dan O'Brien
|
Batting: RHB Dennis Dungy
|
0-0: Ball 1-0: Ball 2-0: Ball 3-0: Called Strike 3-1: Foul Ball, location: 2F 3-2: SINGLE (Flyball, 9LS, EV 93.8 MPH)
|
Batting: RHB Dave Edler
|
0-0: SINGLE (Line Drive, 4MD, EV 104.4 MPH) Dennis Dungy to second
|
Batting: LHB Darrell Porter
|
0-0: DOUBLE (Flyball, 8LXD, EV 93.8 MPH) Dennis Dungy scores Dave Edler to third
|
Batting: RHB Mike Calise
|
0-0: Called Strike 0-1: Fly out, F9 (Flyball, 9LD, EV 106.9 MPH) Runner from 3rd tags up, SCORES, no throw by RF
|
Batting: LHB Jeffrey Zitek
|
0-0: Fly out, F7 (Flyball, 78M, EV 98.1 MPH)
|
Batting: RHB Kelvin Moore
|
0-0: Called Strike 0-1: Ground out 4-3 (Groundball, 34, EV 88.1 MPH)
|
Top of the 9th over - 2 runs, 3 hits, 0 errors, 1 left on base; San Diego 2 - San Francisco 5 |
|